 Dungeon Crawl Stone Soup version 0.28-a0-1190-g77e1c55843 (webtiles) character file.

Game seed: 16847519711841074084

1382 ChaosChampion the Ruffian (level 8, -2/71 HPs)
             Began as a Yellow Draconian Transmuter on Dec 18, 2021.
             Was a Follower of Ru.
             Killed by divine providence
             ... invoked by an orc priest
              (10 damage)
             ... on level 7 of the Dungeon.
             The game lasted 00:09:22 (7523 turns).

ChaosChampion the Ruffian (DrTm)                    Turns: 7523, Time: 00:09:22

Health: -2/71      AC:  2    Str: 13    XL:     8   Next: 40%
Magic:  16/20      EV: 19    Int: 16    God:    Ru [*.....]
Gold:   251        SH:  0    Dex: 16    Spells: 5/11 levels left

rFire   . . .      SeeInvis .     - Unarmed
rCold   . . .      Faith    .   (shield currently unavailable)
rNeg    . . .      Spirit   .   (armour unavailable)
rPois   x          Reflect  .   (helmet currently unavailable)
rElec   .          Harm     .   (cloak currently unavailable)
rCorr   .          Rampage  .   (gloves currently unavailable)
Will    +....                   (boots currently unavailable)
Stlth   +.........              (no amulet)
HPRegen 0.21/turn               k - ring of willpower
MPRegen 0.17/turn               p - ring of magical power

@: spider-form, hasted, unable to read, very quick
A: venomous fangs, (spit acid), AC +6, tiny, unfitting armour, (cold-blooded),
inability to read while threatened, (acid resistance)
a: End Transformation, Renounce Religion


You were on level 7 of the Dungeon.
You worshipped Ru.
Ru was aware of your devotion.
You were a venomous arachnid creature.
You visited 1 branch of the dungeon, and saw 7 of its levels.

You collected 251 gold pieces.

Inventory:

Hand Weapons
 q - the +10 mace "Arcanum" (melded) {elec, +Blink rCorr Dex+4}
   (You found it on level 5 of the Dungeon)

   It occasionally discharges a powerful burst of electricity upon striking a
   foe.
   Dex:       It affects your dexterity (+4).
   +Blink:    It lets you blink.
   rCorr:     It protects you from acid and corrosion.
Armour
 b - a +0 pair of gloves (melded)
 t - a +0 hat of willpower (melded)
Jewellery
 k - a ring of willpower (left front leg)
 p - a ring of magical power (right front leg)
 r - a ring of positive energy
 v - a ring of protection from cold
 w - a ring of fire
Wands
 m - a wand of iceblast (3)
Scrolls
 a - 4 scrolls of identify {unknown}
 d - 2 scrolls of immolation
 e - 2 scrolls of magic mapping
 f - 2 scrolls of amnesia {unknown}
 g - a scroll of vulnerability {unknown}
 h - 4 scrolls of teleportation {unknown}
 j - a scroll of holy word {unknown}
 o - a scroll of enchant armour {unknown}
 s - a scroll of brand weapon {unknown}
 u - a scroll of enchant weapon {unknown}
 y - a scroll of fog
Potions
 c - a potion of ambrosia
 i - 4 potions of curing {unknown}
 l - 3 potions of attraction {unknown}
 x - a potion of degeneration {unknown}
 z - 2 potions of resistance {unknown}


   Skills:
 + Level 6.5 Fighting
 - Level 1.7 Dodging
 + Level 6.7 Unarmed Combat
 - Level 2.0 Spellcasting
 + Level 6.2 Transmutations


You had 5 spell levels left.
You knew the following spells:

 Your Spells              Type           Power      Damage    Failure   Level
a - Beastly Appendage     Tmut           42%        N/A       7%          1
b - Wereblood             Tmut           21%        N/A       10%         2
c - Spider Form           Tmut/Pois      11%        N/A       36%         3

Your spell library contained the following spells:

 Spells                   Type           Power      Damage    Failure   Level
 Sublimation of Blood     Necr           1%         N/A       52%         2
 Ice Form                 Ice/Tmut       11%        N/A       71%         4
 Call Canine Familiar     Summ           1%         N/A       73%         3
 Portal Projectile        Hex/Tloc       2%         N/A       73%         3
 Leda's Liquefaction      Hex/Erth       0%         N/A       97%         4
 Summon Hydra             Summ           0%         N/A       100%        7


Dungeon Overview and Level Annotations

Branches:
Dungeon (7/15)
 Temple: D:4-7

Altars:
Gozag
Nemelex Xobeh
Ru
Trog
Uskayaw
Wu Jian
Yredelemnul
The Shining One

Shops:
D:1 ?==:   D:4 (   D:5 (

Annotations:
D:5 2 transporters, LadyOphelia's ghost, novice DsNe


Innate Abilities, Weirdness & Mutations

You are a venomous arachnid creature.
You have poisonous fangs.
You are tiny and dextrous.
Your spellcasting is less reliable in this form.
Your armour is entirely melded.
You are incapable of wielding weapons or throwing items.
((You can spit globs of acid.))
((Your golden yellow scales are hard. (AC +6)))
You cannot fit into any form of body armour.
((You are cold-blooded and may be slowed by cold attacks.))
You sometimes lose the ability to read scrolls when taking damage.
((You are resistant to acid. (rCorr)))


Message History

You kill the water moccasin!
The gnoll barely misses you.
You bite the orc priest!
The orc priest is poisoned.
The orc priest is severely wounded.
The gnoll completely misses you. The orc priest misses you.
The orc priest mumbles some strange prayers to Beogh against you.
Beogh smites you!
You bite the orc priest!
You feel a bit better.
You kill the orc priest!
Your transformation has ended.
The +10 mace "Arcanum" {elec, +Blink rCorr Dex+4} unmelds from your body.
Your +0 hat of willpower unmelds from your body.
Your +0 pair of gloves unmelds from your body.
You hear the crackle of electricity.
You feel strong-willed. The gnoll closely misses you.
Casting: Spider Form (dangerous; 17% risk of failure)
Confirm with . or Enter, or press ? or * to list all spells.
You turn into a venomous arachnid creature.
The +10 mace "Arcanum" {elec, +Blink rCorr Dex+4} melds into your body.
Your +0 hat of willpower melds into your body.
Your +0 pair of gloves melds into your body.
The +10 mace "Arcanum" {elec, +Blink rCorr Dex+4} stops crackling.
You feel less strong-willed.
Your primal bloodlust has ended.
The gnoll hits you from afar with a +0 spear.
The iguana bites you!
* * * LOW HITPOINT WARNING * * *
You bite the iguana!
The iguana is poisoned.
The iguana is heavily wounded.
The gnoll hits you from afar with a +0 spear!
* * * LOW HITPOINT WARNING * * *
The iguana completely misses you.
You hit the iguana.
The iguana looks as sick as possible!
The iguana is severely wounded.
The gnoll misses you. The iguana misses you.
You feel yourself speed up. The gnoll closely misses you.
The iguana completely misses you.
The orc priest invokes the aid of Beogh against you.
Beogh smites you!
You die...

# ..####### ######
........###### #....#
........'....# #.#.##
........####<# #.#.#
.(......o#######.#.##
........gl)s....(...#
........o#######.####
.........# #.#
.........# #.#
.........#######.#
.........##......#
.######.##.######
#.##.# ### #.# #<#


You could see an iguana (extremely poisoned), an orc priest, a gnoll and an orc.

Vanquished Creatures
  A water moccasin (D:7)
  A hornet zombie (D:6)
  An ice beast (D:5)
  A centaur (D:6)
  2 ogres (D:5)
  2 phantoms
  Blork the orc (D:6)
  A centaur zombie (D:3)
  A bullfrog zombie (D:5)
  2 orc priests
  2 hounds (D:6)
  A jelly (D:6)
  2 gnoll shamans
  A bullfrog skeleton (D:5)
  2 iguanas (D:5)
  2 orc wizards
  A hound zombie (D:5)
  12 gnolls
  2 adders (D:6)
  A shadow imp (D:6)
  An adder skeleton (D:4)
  2 dart slugs
  8 orcs
  9 ball pythons
  5 bats
  4 endoplasms
  3 giant cockroaches
  5 hobgoblins
  A frilled lizard (D:4)
  A goblin (D:3)
  10 kobolds
  5 rats
  A spectral goblin (D:1)
94 creatures vanquished.

Notes
Turn   | Place    | Note
-------+----------+-------------------------------------------
     0 | D:1      | ChaosChampion the Draconian Transmuter began the quest for
                  | the Orb.
     0 | D:1      | Reached XP level 1. HP: 16/16 MP: 3/3
   398 | D:1      | Found Keis's Jewellery Shoppe.
   441 | D:1      | Found Suqareuwik's Jewellery Boutique.
   643 | D:1      | Reached XP level 2. HP: 23/23 MP: 3/5
   676 | D:1      | Found Bijovaghicw's Book Boutique.
   727 | D:1      | Found a faded altar of an unknown god.
   798 | D:1      | Found Yzayc's Magic Scroll Boutique.
  1516 | D:2      | Reached XP level 3. HP: 28/29 MP: 4/6
  2062 | D:3      | Found a hide-covered altar of Uskayaw.
  2134 | D:3      | Found a bloodstained altar of Trog.
  2306 | D:3      | HP: 1/29 [acid (9)]
  2829 | D:2      | Learned a level 2 spell: Wereblood
  2833 | D:2      | Learned a level 3 spell: Spider Form
  2997 | D:3      | Reached XP level 4. HP: 33/37 MP: 5/7
  3690 | D:4      | Found a sacrificial altar of Ru.
  3724 | D:4      | Became a worshipper of Ru the Awakened
  3821 | D:4      | Found a glowing golden altar of the Shining One.
  3827 | D:4      | Found a basalt altar of Yredelemnul.
  3829 | D:4      | Noticed a profane servitor
  4212 | D:4      | Reached XP level 5. HP: 45/45 MP: 1/8
  4636 | D:4      | Noticed a phantom
  4639 | D:4      | Found a sparkling altar of Nemelex Xobeh.
  4640 | D:4      | Found an ornate altar of the Wu Jian Council.
  4667 | D:4      | Killed a phantom
  4668 | D:4      | Reached XP level 6. HP: 20/52 MP: 4/9
  4895 | D:4      | Found Fiasmue's Weapon Boutique.
  5137 | D:4      | Noticed an angel
  5158 | D:5      | Entered Level 5 of the Dungeon
  5402 | D:5      | Reached skill level 5 in Unarmed Combat
  5530 | D:5      | Found Paovorr's Weapon Shoppe.
  5595 | D:5      | Found a transporter.
  5596 | D:5      | Noticed an ice beast
  5608 | D:5      | Killed an ice beast
  5609 | D:5      | Your scales start taking on a golden yellow colour.
  5609 | D:5      | Reached XP level 7. HP: 51/60 MP: 10/10
  5609 | D:5      | Gained mutation: You are resistant to acid. (rCorr) [Yellow
                  | Draconian growth]
  5611 | D:5      | Found a transporter.
  5613 | D:5      | Identified the +10 mace "Arcanum" {elec, +Blink rCorr
                  | Dex+4}
  5613 | D:5      | Noticed LadyOphelia's ghost (novice DsNe)
  5980 | D:5      | Reached skill level 5 in Fighting
  6121 | D:5      | Reached skill level 5 in Transmutations
  6138 | D:5      | Gained mutation: You sometimes lose the ability to read
                  | scrolls when taking damage. [Ru sacrifice]
  6138 | D:5      | Reached * piety under Ru
  6256 | D:5      | Found an opulent altar of Gozag.
  6790 | D:6      | Reached XP level 8. HP: 32/70 MP: 11/11
  7018 | D:6      | Noticed Blork the orc
  7031 | D:6      | Killed Blork the orc
  7523 | D:7      | Killed from afar by an orc priest

Illustrated notes

Levels and vault maps discovered:
D:1:      tarquinn_simple_flora_water_d, layout_loops_corners, serial_shops,
          shop, nicolae_shop_temple_entry_statues_fountains, nicolae_shop_stone,
          shop, dreamdust_ecumenical_altar_drowned_temple
D:2:      layout_loops_ring, amcnicky_mini_pool_small, small_statue_intersection
D:3:      layout_loops_ring, trog_three_pillars_becter,
          nicolae_uskayaw_suspiria, feat_on_display
D:4:      layout_rooms, grunt_temple_overflow_holy_war,
          nicolae_ru_great_annihilating_truth, mainiacjoe_overflow_divided_tiny,
          serial_shops, nicolae_shop_bloodbath_and_beyond
D:5:      minmay_bubble_buster, layout_loops_cross,
          lemuel_coloured_pillars_altar, gammafunk_ghost_hive, serial_shops,
          shop, st_stairs_4
D:6:      layout_cave_pools, serial_bayou_ford_a, uniq_blork_the_orc
D:7:      layout_basic, minmay_temple_entry_ruins, st_stairs_1

Skill      XL: |  1  2  3  4  5  6  7  8 |
---------------+-------------------------+-----
Fighting       | 2 3 4 5 6 |  6.5
Transmutations | 3 4 5 6 |  6.2
Unarmed Combat | 4 5 6 |  6.7
Dodging        | |  1.7
Spellcasting   | |  2.0

Action                   |  1- 3 |  4- 6 |  7- 9 || total
-------------------------+-------+-------+-------++-------
Melee: Unarmed           |    98 |   125 |    56 ||   279
       Headbutt          |    10 |     2 |     1 ||    13
       Tailslap          |    12 |     5 |     3 ||    20
       Kick              |     7 |     6 |     2 ||    15
       Mace              |       |       |    36 ||    36
       Punch             |       |       |     1 ||     1
 Cast: Beastly Appendage |    25 |     6 |     6 ||    37
       Wereblood         |       |     8 |     7 ||    15
       Spider Form       |       |    10 |     6 ||    16
Invok: Sacrifice Words   |       |       |     1 ||     1
 Abil: Evoke Blink       |       |       |     1 ||     1
  Use: Scroll            |       |     4 |       ||     4
       Potion            |       |       |     1 ||     1
 Stab: Sleeping          |     1 |       |       ||     1
       Paralysed         |       |     1 |       ||     1
Armor: Skin              |    34 |    13 |     9 ||    56
Dodge: Dodged            |    58 |    97 |    66 ||   221

Table legend: (Time is in decaauts)
 A = Elapsed time spent in this place.
 B = Non-inter-level travel time spent in this place.
 C = Inter-level travel time spent in this place.
 D = Time resting spent in this place.
 E = Time spent auto-exploring this place.
 F = Levels seen in this place.
 G = Mean time per level.
                   A        B        C        D        E       F      G
               +--------+--------+--------+--------+--------+-----+--------+
         Total |   7530 |   7366 |    164 |   1376 |   4872 |   7 | 1075.7 |
       Dungeon |   7530 |   7366 |    164 |   1376 |   4872 |   7 | 1075.7 |
               +--------+--------+--------+--------+--------+-----+--------+

Top non-repeatable levels by time:
     D:2: 1589 daAuts
     D:4: 1486 daAuts
     D:1: 1317 daAuts
     D:5: 1086 daAuts
     D:3: 978 daAuts
     D:6: 964 daAuts
     D:7: 105 daAuts
